Map: Rohana LE

Players

Watermeloann

  • Race: Zerg Zerg
  • League: Master
  • Spawn Location: 11:00

xetech

  • Race: Protoss Protoss
  • Spawn Location: 9:00

Gavin - Winner!

  • Race: Terran Terran
  • League: Master
  • Spawn Location: 3:00

AzNSuPaHeWo - Winner!

  • Race: Zerg Zerg
  • Spawn Location: 5:00

VOD

Have the link to the VOD?

Description

Time

  • Played on: June 15, 2025, 12:11 p.m.
  • Length: 11:18
Show
View Real Time Build Order
Export as new Build Order

Watermeloann Zerg 

Build Orders: Hatch First 

Get SALT Encoding   

  12  0:01  Drone  
  13  0:14  Overlord  
  13  0:17  Drone  
  14  0:33  Drone x2  
  16  0:51  Hatchery, Drone  
  16  0:55  Drone  
  17  0:58  Drone  
  18  1:08  Extractor  
  17  1:13  Spawning Pool  
  17  1:16  Drone  
  17  1:20  Drone  
  18  1:30  Drone  
  19  1:40  Drone  
  20  1:57  Overlord  
  20  2:01  Queen  
  20  2:02  Queen  
  20  2:04  Zergling x4  
  26  2:08  Metabolic Boost  
  26  2:15  Zergling x4  
  28  2:26  Drone x2  
  30  2:43  Drone  
  31  2:45  Drone  
  31  2:46  Hatchery  
  31  2:52  Evolution Chamber  
  31  2:54  Zergling x2  
  31  2:55  Zergling x2  
  32  3:01  Overlord  
  32  3:04  Zergling x2  
  33  3:13  Zergling x6  
  33  3:17  Zerg Melee Weapons Level 1  
  36  3:20  Zergling x2  
  36  3:21  Zergling x2  
  36  3:23  Zergling x2  
  36  3:25  Zergling x2  
  40  3:28  Zergling x2  
  40  3:34  Drone  
  42  3:35  Overlord  
  42  3:41  Zergling x2  
  43  3:46  Zergling x2  
  44  3:52  Overlord  
  44  3:57  Zergling x10  
  49  4:03  Queen  
  51  4:12  Zergling x2  
  51  4:13  Zergling x6  
  53  4:17  Drone x2  
  53  4:21  Drone x2  
  56  4:28  Drone x2  
  58  4:34  Extractor  
  58  4:35  Drone x3  
  60  4:43  Drone x3  
  63  4:51  Drone x3  
  66  4:52  Overlord  
  66  5:01  Lair  
  66  5:06  Overlord  
  65  5:15  Drone x2  
  65  5:16  Drone  
  65  5:17  Drone, Roach Warren  
  65  5:18  Drone  
  65  5:21  Extractor x2  
  68  5:24  Overlord  
  68  5:27  Drone x2  
  69  5:31  Drone x2  
  69  5:32  Drone  
  72  5:49  Overlord  
  72  5:51  Drone x3, Evolution Chamber  
  72  5:55  Zergling x2  
  72  5:56  Zergling x12  
  81  6:00  Glial Reconstitution  
  81  6:03  Zerg Missile Weapons Level 1  
  81  6:09  Drone x4  
  85  6:14  Overlord  
  85  6:17  Roach  
  89  6:18  Roach  
  89  6:21  Roach  
  91  6:28  Drone x5  
  96  6:33  Zerg Ground Armor Level 1  
  92  6:40  Roach x3  
  92  6:45  Roach  
  92  6:46  Roach x2  
  94  6:49  Roach  
  94  6:50  Roach  
  94  6:51  Roach  
  100  6:55  Roach  
  100  6:56  Roach  
  100  6:58  Overlord  
  100  6:59  Overlord  
  104  7:05  Roach x2  
  106  7:17  Roach  
  106  7:18  Roach x6  
  106  7:20  Roach  
  121  7:22  Roach  
  121  7:25  Ravager  
  121  7:26  Overlord x2  
  116  7:38  Roach  
  116  7:39  Roach x3  
  116  7:42  Roach  
  122  7:47  Roach  
  105  7:52  Roach x6  
  105  7:53  Roach  
  105  7:54  Roach  
  105  7:57  Roach  
  111  8:01  Roach  
  111  8:04  Roach  
  111  8:05  Ravager x3  
  108  8:07  Roach  
  108  8:12  Roach  
  112  8:16  Roach  
  112  8:18  Ravager  
  115  8:21  Extractor  
  115  8:24  Roach  
  115  8:25  Roach  
  118  8:27  Roach  
  118  8:28  Roach, Drone  
  118  8:29  Drone x2  
  118  8:30  Drone x4  
  118  8:32  Overlord  
  129  8:37  Hatchery  
  129  8:40  Roach  
  130  8:51  Extractor  
  130  8:52  Roach  
  130  8:53  Zerg Missile Weapons Level 2, Roach x3  
  137  8:59  Overlord x3  
  137  9:17  Roach  
  137  9:18  Roach x8  
  137  9:19  Ravager  
  137  9:20  Ravager  
  157  9:25  Overlord x3  
  151  9:32  Roach  
  153  9:44  Roach  
  155  9:47  Roach  
  155  9:48  Roach  
  131  9:53  Roach  
  131  9:55  Roach x6  
  131  9:57  Roach x2  
  131  9:58  Queen  
  132  10:02  Roach x2  
  132  10:04  Roach x3  
  142  10:07  Ravager x4  
  142  10:12  Zergling x2  
  142  10:13  Roach  
  153  10:14  Roach x2  
  153  10:15  Roach  
  153  10:17  Roach  
  157  10:23  Roach x3  
  163  10:32  Roach  
  163  10:33  Roach x4  
  171  10:41  Roach x4  
  158  10:43  Roach  
  158  10:44  Roach  
  158  10:47  Roach  
  158  10:48  Roach  
  166  10:53  Overseer, Overlord  
Show
View Real Time Build Order
Export as new Build Order

xetech Protoss 

Build Orders: 1 Gate Expand, Blink Stalkers, Chargelot Immortal 

Get SALT Encoding   

  12  0:00  Probe  
  13  0:12  Probe  
  14  0:17  Pylon  
  14  0:24  Probe  
  15  0:34  Probe  
  15  0:35  Gateway  
  15  0:42  Probe  
  16  0:45  Assimilator  
  17  0:51  Probe  
  18  1:03  Probe  
  19  1:15  Probe  
  20  1:26  Cybernetics Core  
  20  1:39  Nexus  
  20  1:44  Assimilator  
  20  1:48  Pylon  
  20  1:50  Stalker  
  20  1:52  Probe  
  21  2:04  Warp Gate  
  23  2:09  Probe  
  24  2:16  Stalker  
  24  2:21  Probe  
  27  2:33  Probe  
  27  2:35  Twilight Council  
  28  2:45  Probe  
  28  2:47  Stalker  
  31  2:51  Blink  
  31  2:54  Probe  
  31  2:57  Probe  
  33  3:03  Probe  
  33  3:05  Probe  
  33  3:11  Probe  
  35  3:13  Probe  
  37  3:20  Probe  
  37  3:24  Probe  
  39  3:27  Robotics Facility  
  39  3:31  Gateway  
  39  3:32  Probe  
  40  3:36  Probe  
  40  3:41  Gateway  
  41  3:47  Gateway  
  41  3:54  Gateway  
  41  3:58  Gateway  
  41  4:02  Pylon  
  41  4:04  Probe  
  43  4:10  Stalker  
  43  4:11  Warp Prism  
  43  4:16  Probe  
  47  4:24  Pylon  
  47  4:28  Probe x2  
  49  4:34  Assimilator  
  49  4:40  Probe  
  49  4:43  Stalker  
  49  4:44  Stalker  
  49  4:45  Observer  
  54  4:52  Probe x2  
  57  4:57  Assimilator  
  57  4:59  Pylon  
  57  5:04  Stalker x2  
  61  5:08  Pylon  
  61  5:25  Stalker x4  
  69  5:28  Probe  
  69  5:29  Probe  
  71  5:37  Charge  
  71  5:44  Probe  
  72  5:55  Stalker x2, Nexus  
  72  5:56  Pylon  
  76  5:59  Probe x2  
  78  6:14  Probe  
  78  6:15  Forge  
  78  6:16  Probe  
  78  6:17  Pylon  
  80  6:24  Immortal  
  84  6:26  Probe  
  84  6:29  Probe  
  86  6:34  Protoss Ground Weapons Level 1  
  86  6:35  Stalker x3  
  86  6:39  Pylon  
  92  6:45  Stalker  
  94  6:58  Stalker x3  
  100  7:03  Probe x2  
  102  7:15  Probe  
  103  7:18  Stalker x3  
  109  7:26  Immortal  
  99  7:34  Stalker x3  
  101  7:59  Immortal  
  101  8:08  Stalker x6  
  99  8:23  Probe x2  
  99  8:25  Pylon  
  101  8:28  Forge  
  101  8:31  Assimilator, Immortal  
  101  8:32  Stalker x5, Protoss Ground Weapons Level 2  
  115  8:51  Probe  
  115  8:52  Probe  
  115  8:53  Probe  
  115  8:55  Assimilator  
  118  9:04  Probe  
  118  9:06  Zealot  
  118  9:07  Zealot x2  
  125  9:17  Pylon  
  125  9:18  Pylon  
  125  9:29  Gateway  
  125  9:30  Gateway  
  125  9:32  Immortal  
  117  9:47  Zealot x3  
  117  9:48  Zealot x3  
  91  10:08  Stalker x3  
  91  10:09  Stalker x3  
  103  10:25  Immortal  
  107  10:31  Zealot x7  
  107  10:32  Zealot  
  103  10:56  Stalker x3  
  103  10:57  Stalker x2  
  107  11:08  Stalker x2  
  107  11:09  Stalker  
Show
View Real Time Build Order
Export as new Build Order

Gavin Terran - Winner!

Build Orders: Reaper Expand 

Get SALT Encoding   

  12  0:02  SCV  
  13  0:14  SCV  
  14  0:17  Supply Depot  
  14  0:26  SCV  
  15  0:39  SCV  
  16  0:44  Barracks  
  16  0:46  Refinery  
  16  0:51  SCV  
  17  1:03  SCV  
  18  1:15  SCV  
  19  1:31  Orbital Command, Reaper  
  20  1:48  Command Center  
  20  1:52  Supply Depot  
  20  1:56  SCV  
  21  2:03  Bunker  
  21  2:09  SCV  
  22  2:21  SCV  
  23  2:28  Factory, Barracks Reactor  
  23  2:33  SCV  
  23  2:36  Refinery  
  24  2:45  SCV  
  25  2:56  Engineering Bay  
  25  2:57  SCV  
  26  3:04  Marine x2  
  28  3:06  Orbital Command  
  28  3:09  SCV  
  28  3:12  Factory Tech Lab, Barracks  
  29  3:21  SCV  
  29  3:22  Marine x2  
  29  3:25  Terran Infantry Weapons Level 1  
  32  3:31  Missile Turret  
  32  3:32  SCV  
  32  3:34  SCV  
  34  3:37  Siege Tank  
  34  3:40  Marine x2  
  39  3:44  SCV  
  39  3:46  SCV  
  41  3:49  Missile Turret  
  41  3:54  Supply Depot  
  41  3:56  SCV  
  41  3:58  Marine x2  
  41  3:59  SCV  
  45  4:08  SCV  
  45  4:09  Barracks Tech Lab  
  45  4:15  Siege Tank  
  45  4:16  SCV  
  49  4:20  SCV  
  49  4:22  Supply Depot  
  50  4:26  Starport  
  50  4:28  SCV  
  51  4:31  Barracks  
  51  4:33  Barracks, SCV  
  52  4:40  SCV  
  52  4:45  SCV  
  54  4:47  Siege Tank  
  54  4:49  Marine x2  
  54  4:52  SCV  
  60  4:55  Supply Depot  
  60  4:56  Barracks  
  60  4:58  Stimpack  
  60  5:00  SCV  
  60  5:05  SCV  
  62  5:09  Supply Depot  
  62  5:15  Starport Reactor  
  62  5:16  Marine, SCV  
  62  5:17  SCV, Marine x2  
  67  5:23  Refinery  
  67  5:25  Refinery  
  67  5:27  Barracks Tech Lab, Barracks Reactor  
  67  5:28  SCV  
  67  5:32  SCV  
  67  5:34  Marine x2  
  67  5:35  Marine  
  72  5:40  SCV  
  73  5:44  SCV  
  73  5:48  Barracks Reactor  
  73  5:49  Marine  
  75  5:52  Marine  
  75  5:53  SCV  
  75  5:54  Marine  
  78  6:04  Command Center  
  78  6:06  Combat Shield  
  78  6:14  Supply Depot  
  78  6:15  Siege Tank, Marauder x2, SCV  
  86  6:20  Terran Infantry Armor Level 1  
  86  6:23  Missile Turret  
  86  6:35  Medivac, Marine x5  
  86  6:36  SCV  
  86  6:39  Concussive Shells  
  94  6:43  Missile Turret  
  94  6:46  Supply Depot  
  94  6:48  Siege Tank, Marauder x2, Marine  
  102  6:58  Supply Depot  
  102  7:06  Supply Depot  
  102  7:07  Marine x5  
  102  7:08  Medivac  
  109  7:12  SCV  
  110  7:15  SCV  
  110  7:16  Marauder x2  
  115  7:24  Marine  
  115  7:25  Marine  
  115  7:26  SCV  
  115  7:28  Armory  
  118  7:33  SCV  
  119  7:37  Marauder x2  
  119  7:38  Siege Tank, Engineering Bay, SCV  
  119  7:41  Marine  
  119  7:42  Marine  
  124  7:54  Marine x2  
  124  7:59  Marauder x2, Marine x2  
  124  8:02  Marine x2  
  124  8:03  Medivac  
  133  8:12  Marine x2  
  135  8:16  Marine  
  135  8:17  Marine  
  135  8:20  Marauder x2, SCV x2  
  135  8:24  Orbital Command  
  135  8:25  Terran Infantry Weapons Level 2  
  141  8:28  Marine x2  
  141  8:29  Supply Depot, Terran Infantry Armor Level 2  
  141  8:31  Supply Depot  
  141  8:33  Medivac  
  145  8:35  Marine x2  
  149  8:41  Marauder x2  
  149  8:44  SCV x2  
  149  8:47  Medivac  
  155  8:49  Supply Depot  
  155  8:50  Supply Depot  
  155  8:52  Marine  
  156  8:56  SCV, Marine  
  156  8:59  Sensor Tower, Marine  
  156  9:02  SCV  
  164  9:03  Marauder x2, SCV  
  164  9:06  Marine  
  166  9:10  Terran Vehicle Weapons Level 1  
  166  9:13  SCV  
  166  9:14  SCV  
  168  9:19  Supply Depot  
  168  9:21  Supply Depot  
  170  9:24  Marauder  
  170  9:28  Marine  
  170  9:29  Marauder, Marine x2  
  175  9:33  Marine x2  
  175  9:35  Siege Tank  
  175  9:36  Medivac  
  182  9:39  Medivac  
  185  9:45  Marauder  
  185  9:51  Marauder, Marine x3  
  185  9:52  Marine x2  
  159  9:57  Marine  
  145  10:06  Medivac  
  149  10:07  Marauder, Siege Tank  
  149  10:09  Marine x2  
  149  10:12  Marine  
  149  10:13  Marauder, Missile Turret  
  157  10:14  Marine  
  158  10:21  SCV x2  
  158  10:23  SCV  
  163  10:28  Marauder  
  163  10:29  Command Center  
  163  10:34  Marauder  
  165  10:39  Siege Tank  
  165  10:42  Marine x2  
  166  10:47  Marine x3  
  175  10:50  Marauder  
  175  10:53  Refinery  
  175  10:54  Refinery, Marine  
  175  10:55  Marauder  
Show
View Real Time Build Order
Export as new Build Order

AzNSuPaHeWo Zerg - Winner!

Build Orders: Hatch First, Lurkers 

Get SALT Encoding   

  12  0:00  Drone  
  13  0:12  Drone  
  14  0:18  Extractor  
  14  0:19  Drone  
  15  0:41  Hatchery  
  14  0:46  Extractor  
  14  0:47  Drone  
  14  0:50  Overlord  
  14  0:51  Extractor  
  14  0:55  Drone  
  15  1:10  Spawning Pool  
  14  1:13  Drone  
  15  1:18  Drone  
  15  1:25  Drone  
  17  1:30  Drone  
  18  1:44  Drone  
  19  1:57  Queen  
  19  1:58  Queen  
  23  2:07  Metabolic Boost  
  23  2:12  Zergling x4  
  25  2:16  Drone  
  25  2:18  Drone  
  27  2:24  Drone  
  27  2:28  Overlord  
  28  2:47  Drone x2  
  28  2:48  Drone x4  
  34  3:02  Roach Warren  
  34  3:03  Drone x2  
  35  3:10  Zergling x2  
  36  3:13  Overlord  
  36  3:21  Lair  
  36  3:23  Extractor  
  36  3:26  Drone  
  36  3:28  Overlord  
  36  3:32  Drone x4  
  40  3:36  Extractor, Drone  
  40  3:37  Drone x2  
  40  3:40  Drone x2  
  44  3:47  Zergling x4  
  44  3:48  Zergling x2  
  47  3:52  Spine Crawler  
  46  3:58  Zergling x2  
  46  4:00  Evolution Chamber  
  46  4:04  Roach x2  
  50  4:15  Roach  
  50  4:16  Overlord  
  52  4:20  Overlord  
  52  4:21  Overlord  
  49  4:26  Glial Reconstitution  
  49  4:30  Drone x2  
  51  4:32  Overlord  
  51  4:35  Drone  
  52  4:39  Drone  
  52  4:41  Zerg Missile Weapons Level 1  
  53  4:47  Drone  
  53  4:49  Drone x2  
  53  4:50  Roach  
  53  4:52  Roach x2  
  62  5:01  Roach x4, Extractor  
  69  5:12  Roach x2  
  73  5:20  Roach  
  75  5:27  Overlord x3  
  75  5:35  Overlord  
  75  5:40  Overlord  
  75  5:42  Overlord  
  75  5:44  Overlord  
  75  5:48  Roach x3  
  81  5:56  Drone  
  82  5:58  Roach x2  
  82  5:59  Roach  
  88  6:07  Roach x3  
  88  6:08  Roach  
  88  6:09  Drone  
  101  6:25  Roach x2  
  101  6:26  Hatchery, Roach x4  
  108  6:36  Zerg Ground Armor Level 1  
  108  6:37  Infestation Pit  
  107  6:45  Hatchery  
  107  6:47  Roach x4  
  114  6:55  Drone  
  114  6:56  Drone  
  114  6:57  Drone  
  114  6:59  Roach  
  119  7:04  Roach x2  
  114  7:24  Roach x5  
  102  7:41  Roach x6  
  102  7:42  Roach x2  
  110  7:49  Drone  
  110  7:51  Drone  
  110  7:52  Hive  
  110  8:05  Roach x3  
  106  8:18  Drone x6  
  112  8:27  Hydralisk Den  
  111  8:29  Zerg Missile Weapons Level 2  
  111  8:32  Drone x2  
  111  8:33  Drone x4  
  117  8:35  Queen  
  117  8:36  Extractor  
  117  8:37  Extractor  
  113  8:44  Drone x3  
  116  8:49  Spore Crawler, Spine Crawler  
  114  8:57  Hydralisk x3  
  114  8:58  Hydralisk x2  
  114  8:59  Lurker Den  
  114  9:00  Hydralisk  
  125  9:05  Overseer  
  125  9:13  Drone x5  
  130  9:22  Overlord  
  130  9:23  Overlord  
  130  9:24  Hatchery  
  123  9:38  Hydralisk x2  
  123  9:39  Hydralisk  
  129  9:52  Extractor  
  128  9:57  Extractor  
  123  10:01  Lurker x6  
  123  10:06  Seismic Spines  
  129  10:08  Muscular Augments  
  129  10:14  Evolution Chamber  
  129  10:15  Hydralisk x2  
  129  10:16  Hydralisk x3  
  138  10:38  Hydralisk x6  
  147  10:48  Hydralisk x4  
  147  10:49  Zergling x2  
  151  10:50  Zergling x2  
  142  10:57  Lurker x2  
  142  11:03  Lurker  
Tags
 
Add a new tag
Caveats
  • Supply blocks, unpowered buildings, or Contaminate may cause inaccurate times.
  • Supply counts are checked every 10 seconds.